[Event "January 2 Early 2024"]
[Site "https://www.chess.com"]
[Date "2024.01.02"]
[Round "11"]
[White "Volkov, Sergei"]
[Black "Namitbir Singh Walia"]
[Result "1-0"]
[Board "95"]
[TimeControl "180+1"]
[WhiteFideId "4176588"]
[BlackFideId "35071068"]
[WhiteElo "2529"]
[BlackElo "2463"]
[WhiteTeam "RUS"]
[BlackTeam "IND"]
[WhiteClock "0:01:58"]
[BlackClock "0:02:20"]

1. d4 d5 2. Nf3 Nf6 3. Bf4 c5 4. e3 Nc6 5. c3 Qb6 6. Qc2 Bf5 7. dxc5 Bxc2 8. cxb6 axb6 9. Na3 Be4 10. Nb5 Kd7 11. Ne5+ Nxe5 12. Bxe5 Ne8 13. f3 Bg6 14. e4 f6 15. Bg3 dxe4 16. O-O-O+ Kc8 17. Bc4 e5 18. Be6+ Kb8 19. Rd8# 1-0

[Event "January 2 Early 2024"]
[Site "https://www.chess.com"]
[Date "2024.01.02"]
[Round "11"]
[White "Rangel, Daniel"]
[Black "Seletsky, Grigory"]
[Result "0-1"]
[Board "96"]
[TimeControl "180+1"]
[WhiteFideId "2124475"]
[BlackFideId "14112191"]
[WhiteElo "2519"]
[BlackElo "2419"]
[WhiteTeam "BRA"]
[BlackTeam "UKR"]
[WhiteClock "0:00:01"]
[BlackClock "0:00:47"]

1. d4 c5 2. Nf3 cxd4 3. Nxd4 d5 4. Nb3 e5 5. g3 Nc6 6. Bg2 Be6 7. O-O h6 8. N1d2 Nf6 9. c3 Be7 10. e4 O-O 11. exd5 Bxd5 12. Bxd5 Qxd5 13. Nf3 Rad8 14. Qxd5 Rxd5 15. Be3 Rfd8 16. Rfc1 Ng4 17. Kf1 f5 18. h3 Nxe3+ 19. fxe3 Bf6 20. Ke2 Kf7 21. Rd1 Rxd1 22. Rxd1 Rxd1 23. Kxd1 b6 24. Ke2 Ke6 25. Nfd2 Kd5 26. Nc1 e4 27. Ncb3 Ne5 28. Nd4 g6 29. b3 Nd3 30. a4 Be5 31. g4 Bxd4 32. cxd4 f4 33. Nc4 Nc1+ 34. Kd2 Nxb3+ 35. Kc3 Nc1 36. exf4 Ne2+ 37. Kd2 Nxf4 38. Na3 Kxd4 39. Nb5+ Kd5 40. Nxa7 Nxh3 41. Nc8 Kc5 42. Ne7 Nf2 43. Nxg6 Nxg4 44. Nf8 Kb4 45. Nd7 e3+ 46. Ke2 Ka5 47. Kf3 h5 48. Ke2 h4 49. Kf3 h3 50. Nb8 h2 51. Nc6+ Kxa4 52. Kg2 e2 53. Nd4 e1=Q 0-1

[Event "January 2 Early 2024"]
[Site "https://www.chess.com"]
[Date "2024.01.02"]
[Round "11"]
[White "Travkina, Anastasia"]
[Black "Przybylski, Wojciech"]
[Result "0-1"]
[Board "97"]
[TimeControl "180+1"]
[WhiteFideId "24129151"]
[BlackFideId "1117599"]
[WhiteElo "2418"]
[BlackElo "2517"]
[WhiteTeam "RUS"]
[BlackTeam "POL"]
[WhiteClock "0:00:17"]
[BlackClock "0:00:19"]

1. e4 c5 2. Nf3 e6 3. d4 cxd4 4. Nxd4 Nc6 5. Nc3 Qc7 6. Be3 a6 7. f4 d6 8. Qf3 Nf6 9. g4 Be7 10. g5 Nd7 11. h4 Nxd4 12. Bxd4 Bf8 13. O-O-O Nb8 14. f5 Nc6 15. Bh3 Nxd4 16. Rxd4 Bd7 17. fxe6 fxe6 18. b3 b5 19. e5 Bc6 20. Qf1 dxe5 21. Rd2 Bb4 22. Rd3 Rf8 23. Qd1 e4 24. Re1 Qe5 25. Nb1 g6 26. Rde3 Rf4 27. c3 Bc5 28. R3e2 Rd8 29. Bg2 Rxd1+ 30. Rxd1 Rf2 31. Rxf2 Bxf2 32. Rd2 Be3 0-1

[Event "January 2 Early 2024"]
[Site "https://www.chess.com"]
[Date "2024.01.02"]
[Round "11"]
[White "Lehtosaari, Mauri"]
[Black "Gabdushev, Ruslan"]
[Result "1-0"]
[Board "98"]
[TimeControl "180+1"]
[WhiteFideId "501999"]
[BlackFideId "4137833"]
[WhiteElo "2506"]
[BlackElo "2416"]
[WhiteTeam "FIN"]
[BlackTeam "RUS"]
[WhiteClock "0:01:05"]
[BlackClock "0:00:00"]

1. d4 Nc6 2. Nf3 d6 3. c4 Bg4 4. e3 e5 5. d5 Nce7 6. Be2 Nf6 7. Nc3 Ng6 8. h3 Bd7 9. b3 Be7 10. Bb2 O-O 11. h4 h6 12. h5 Nh8 13. Nd2 Nh7 14. Qc2 f5 15. O-O-O Nf7 16. f3 Bg5 17. Nf1 Nf6 18. Kb1 Qe7 19. Ka1 c6 20. e4 fxe4 21. Nxe4 Nxe4 22. fxe4 a5 23. a4 Qf6 24. Bf3 Bf4 25. Qd3 cxd5 26. exd5 Ng5 27. Ne3 Nxf3 28. gxf3 Bxe3 29. Qxe3 Qxf3 30. Rde1 Qxe3 31. Rxe3 Rf6 32. Rg1 Kh7 33. Reg3 Rg8 34. Rg6 Be8 35. Rxf6 gxf6 36. Rf1 Kg7 37. Rg1+ Kf7 38. Rh1 Ke7 39. Bc1 b6 40. Bxh6 Rh8 41. Be3 1-0

[Event "January 2 Early 2024"]
[Site "https://www.chess.com"]
[Date "2024.01.02"]
[Round "11"]
[White "Gryshko, Vitalii"]
[Black "Topalov, Aleksandar"]
[Result "1-0"]
[Board "99"]
[TimeControl "180+1"]
[WhiteFideId "14174286"]
[BlackFideId "925659"]
[WhiteElo "2495"]
[BlackElo "2406"]
[WhiteTeam "UKR"]
[BlackTeam "SRB"]
[WhiteClock "0:01:57"]
[BlackClock "0:00:46"]

1. e4 e6 2. c4 d5 3. cxd5 exd5 4. e5 c5 5. Nf3 Nc6 6. Bb5 Bg4 7. O-O Qb6 8. Bxc6+ bxc6 9. h3 Bh5 10. Re1 Ne7 11. e6 f6 12. d3 O-O-O 13. Nbd2 g5 14. b4 cxb4 15. Bb2 Bg7 16. a3 g4 17. hxg4 Bxg4 18. axb4 Nf5 19. Qa4 Kb7 20. b5 Bxf3 21. Nxf3 cxb5 22. Qg4 1-0

[Event "January 2 Early 2024"]
[Site "https://www.chess.com"]
[Date "2024.01.02"]
[Round "11"]
[White "Kraus, Tomas"]
[Black "Estrada Nieto, Julian"]
[Result "0-1"]
[Board "100"]
[TimeControl "180+1"]
[WhiteFideId "331708"]
[BlackFideId "5101018"]
[WhiteElo "2386"]
[BlackElo "2492"]
[WhiteTeam "CZE"]
[BlackTeam "ESP"]
[WhiteClock "0:00:00"]
[BlackClock "0:00:15"]

1. e4 e5 2. Nf3 Nc6 3. Bb5 a6 4. Ba4 Nf6 5. O-O Be7 6. Re1 b5 7. Bb3 d6 8. c3 O-O 9. d4 Bb7 10. Nbd2 Re8 11. Nf1 Bf8 12. Ng3 h6 13. Nh4 Na5 14. Bc2 Nxe4 15. Nxe4 Qxh4 16. a4 exd4 17. Qxd4 d5 18. g3 Qd8 19. axb5 Nc4 20. bxa6 Bxa6 21. Ba4 Rxe4 22. Rxe4 dxe4 23. Qxe4 g6 24. Bc6 Qd1+ 25. Kg2 Nd6 26. Qd5 Bf1+ 27. Kg1 Qxd5 28. Bxd5 Rxa1 0-1

[Event "January 2 Early 2024"]
[Site "https://www.chess.com"]
[Date "2024.01.02"]
[Round "11"]
[White "Gomez Falagan, Daniel"]
[Black "Ladan, Nicholas"]
[Result "1-0"]
[Board "101"]
[TimeControl "180+1"]
[WhiteFideId "54509947"]
[BlackFideId "30918855"]
[WhiteElo "2382"]
[BlackElo "2490"]
[WhiteTeam "ESP"]
[BlackTeam "USA"]
[WhiteClock "0:00:27"]
[BlackClock "0:00:05"]

1. Nf3 d5 2. b3 Bg4 3. e3 e6 4. h3 Bh5 5. Bb2 Nf6 6. d3 Nbd7 7. g4 Bg6 8. Nh4 Bd6 9. Nd2 a5 10. Bg2 a4 11. bxa4 Rxa4 12. Nxg6 hxg6 13. c4 Qa8 14. Qb3 Nc5 15. Qc2 Rxa2 16. O-O Rxa1 17. Rxa1 Qb8 18. cxd5 exd5 19. e4 Be7 20. e5 Nfd7 21. d4 Ne6 22. Bxd5 Nf4 23. Qe4 Nxh3+ 24. Kg2 Ng5 25. Qe3 c6 26. Bb3 Qd8 27. Ne4 Nf8 28. Nxg5 Bxg5 29. f4 Be7 30. d5 cxd5 31. Ba4+ Nd7 32. e6 fxe6 33. Qxe6 Qc7 34. Be5 Qc8 35. Bxd7+ Qxd7 36. Ra8+ Qd8 37. Rxd8+ Kxd8 38. Qxd5+ Kc8 39. Qe6+ Kd8 40. Qxg6 Re8 41. Qxg7 b5 42. Qf7 b4 43. Qd5+ Kc8 44. Qc6+ Kd8 45. Bc7+ Kc8 46. Bb6+ Kb8 47. Qc7+ Ka8 48. Qa7# 1-0

[Event "January 2 Early 2024"]
[Site "https://www.chess.com"]
[Date "2024.01.02"]
[Round "11"]
[White "Spitzl, Vinzent"]
[Black "knightmareprodigy"]
[Result "0-1"]
[Board "102"]
[TimeControl "180+1"]
[WhiteFideId "12901253"]
[WhiteElo "2482"]
[BlackElo "2323"]
[WhiteTeam "GER"]
[WhiteClock "0:00:04"]
[BlackClock "0:00:09"]

1. e4 c5 2. Nf3 d6 3. d4 cxd4 4. Nxd4 Nf6 5. Nc3 a6 6. Bg5 Nc6 7. Qd2 e6 8. O-O-O Bd7 9. f3 Nxd4 10. Qxd4 Be7 11. h4 b5 12. Qd2 O-O 13. Kb1 b4 14. Ne2 d5 15. e5 Ne8 16. Bxe7 Qxe7 17. Nd4 Nc7 18. h5 Bb5 19. h6 g6 20. Bxb5 Nxb5 21. Nc6 Qc7 22. Nxb4 Qxe5 23. Rhe1 Qf6 24. Nd3 a5 25. g4 a4 26. g5 Qf5 27. Re5 Qxf3 28. Rde1 a3 29. b3 Rac8 30. R5e3 Qg4 31. Ne5 Qxg5 32. Rf1 Nc3+ 33. Ka1 Ne4 34. Qd4 Qxh6 35. Nd7 Qg7 36. Qxg7+ Kxg7 37. Nxf8 Rxf8 38. c4 f5 39. cxd5 exd5 40. Rd1 Rc8 41. b4 h5 42. b5 h4 43. b6 Rb8 44. Rb1 Nd2 45. Rb5 Nc4 46. Re6 h3 47. b7 h2 48. Re1 g5 49. Rxd5 Rxb7 50. Rxf5 Kg6 51. Rf2 Rb8 52. Rxh2 g4 53. Rg2 Kf5 54. Rf1+ Kg5 55. Rfg1 Ne3 56. Rg3 Nc2# 0-1

[Event "January 2 Early 2024"]
[Site "https://www.chess.com"]
[Date "2024.01.02"]
[Round "11"]
[White "Brankovic, Dejan"]
[Black "SkinnyPuppy8"]
[Result "1-0"]
[Board "103"]
[TimeControl "180+1"]
[WhiteFideId "921602"]
[WhiteElo "2471"]
[BlackElo "2311"]
[WhiteTeam "SRB"]
[WhiteClock "0:00:39"]
[BlackClock "0:00:00"]

1. e4 d5 2. exd5 Nf6 3. d4 Bg4 4. Qd3 Qxd5 5. c4 Qd7 6. Nc3 Bf5 7. Qd1 e6 8. Be3 Bb4 9. Nf3 Ne4 10. Qb3 Bxc3+ 11. bxc3 c5 12. Be2 O-O 13. O-O Na6 14. Rfd1 Qc7 15. Nh4 Bg6 16. Nxg6 hxg6 17. Bf3 Nf6 18. Qxb7 Qa5 19. Qb5 Qa3 20. Bxa8 Rxa8 21. Bc1 Qxc3 22. Bb2 Qb4 23. a3 Qxb5 24. cxb5 Nc7 25. a4 c4 26. Rdc1 Ncd5 27. Rxc4 a6 28. Rac1 Ra7 29. Rc8+ Kh7 30. Rb8 axb5 31. Rcc8 g5 32. axb5 Ra2 33. Bc1 Ra1 34. g3 1-0

[Event "January 2 Early 2024"]
[Site "https://www.chess.com"]
[Date "2024.01.02"]
[Round "11"]
[White "Skurikhin, Dmitrij"]
[Black "Kabanov, Nikolai"]
[Result "1/2-1/2"]
[Board "104"]
[TimeControl "180+1"]
[WhiteFideId "4161297"]
[BlackFideId "4127820"]
[WhiteElo "2292"]
[BlackElo "2470"]
[WhiteTeam "RUS"]
[BlackTeam "RUS"]
[WhiteClock "0:01:13"]
[BlackClock "0:01:18"]

1. d4 Nf6 2. Nf3 g6 3. c4 Bg7 4. Nc3 O-O 5. e4 d6 6. Be2 Nc6 7. O-O Bg4 8. Be3 Bxf3 9. Bxf3 Re8 10. d5 Ne5 11. Be2 c6 12. f4 Ned7 13. Kh1 a6 14. a4 cxd5 15. cxd5 Qa5 16. Rb1 Qb4 17. Bd3 Rac8 18. Na2 Qa5 19. b4 Qc7 20. Rc1 Qb8 21. Qf3 Rxc1 22. Rxc1 Rc8 23. Qd1 Rxc1 24. Qxc1 Ng4 25. Bg1 h5 26. h3 Ngf6 27. Qc2 Qd8 28. Nc1 Nb6 29. Ne2 Nbd7 30. Bd4 Qb8 31. Bf2 1/2-1/2

[Event "January 2 Early 2024"]
[Site "https://www.chess.com"]
[Date "2024.01.02"]
[Round "11"]
[White "Mohammadi, Melika"]
[Black "Delgado Kuffo, Andres"]
[Result "1-0"]
[Board "105"]
[TimeControl "180+1"]
[WhiteFideId "42529271"]
[BlackFideId "3600475"]
[WhiteElo "2470"]
[BlackElo "2263"]
[WhiteTeam "IRI"]
[BlackTeam "ECU"]
[WhiteClock "0:00:24"]
[BlackClock "0:00:00"]

1. e4 e6 2. d4 d5 3. Nc3 Nf6 4. e5 Nfd7 5. Nce2 b6 6. c3 Ba6 7. Nf3 c5 8. Nf4 Bxf1 9. Kxf1 Nc6 10. h4 h5 11. Be3 Ne7 12. Ng5 Nf5 13. Qf3 g6 14. Nxd5 Rc8 15. Nf4 cxd4 16. cxd4 Nb8 17. d5 Nxh4 18. Rxh4 Qxg5 19. g3 Qxe5 20. dxe6 g5 21. exf7+ Kd8 22. Rd1+ Nd7 23. Rxh5 Rxh5 24. Qxh5 Rc5 25. Nd3 1-0

[Event "January 2 Early 2024"]
[Site "https://www.chess.com"]
[Date "2024.01.02"]
[Round "11"]
[White "Rose, Felix"]
[Black "Rees, Ioan"]
[Result "1/2-1/2"]
[Board "106"]
[TimeControl "180+1"]
[WhiteFideId "5105722"]
[BlackFideId "1801236"]
[WhiteElo "2229"]
[BlackElo "2424"]
[WhiteTeam "MEX"]
[BlackTeam "WLS"]
[WhiteClock "0:00:16"]
[BlackClock "0:00:19"]

1. e4 c6 2. d4 d5 3. e5 Bf5 4. h4 h5 5. Bd3 Bxd3 6. Qxd3 Qa5+ 7. Bd2 Qa6 8. e6 Qxd3 9. exf7+ Kxf7 10. cxd3 Nf6 11. Nf3 Nbd7 12. O-O e6 13. Re1 Re8 14. Ng5+ Kg6 15. Nxe6 Bd6 16. Nc3 Re7 17. Ng5 Rhe8 18. Rxe7 Rxe7 19. Re1 Rxe1+ 20. Bxe1 Kf5 21. f3 b5 22. Kf2 a5 23. Ne2 a4 24. b3 c5 25. bxa4 bxa4 26. Nc3 Nb6 27. dxc5 Bxc5+ 28. Ke2 Nfd7 29. Bf2 Be7 30. Nh3 Bf6 31. Nb5 Ke6 32. g4 hxg4 33. fxg4 Bb2 34. Nf4+ Ke5 35. Kf3 d4 36. h5 Nf6 37. Ng6+ Ke6 38. Nxd4+ Bxd4 39. Bxd4 Nbd5 40. Bxf6 Kxf6 41. Nf4 Nb4 42. a3 Nc2 43. Nd5+ Ke5 44. Nb6 Nxa3 45. Nxa4 Kd4 46. g5 Ke5 47. Kg4 Nc2 48. Nc5 Ne3+ 49. Kf3 Nd5 50. Ne4 Kf5 51. Kg3 Nf4 52. Kh4 Nxd3 53. Ng3+ Ke6 54. h6 gxh6 55. gxh6 Kf6 56. Kh5 Nf4+ 57. Kg4 Ng6 58. Nh5+ Kf7 59. Kg5 Nf8 60. Nf6 Ne6+ 61. Kf5 Nf8 62. Kg5 Ne6+ 63. Kf5 Nf8 64. h7 Nxh7 1/2-1/2

[Event "January 2 Early 2024"]
[Site "https://www.chess.com"]
[Date "2024.01.02"]
[Round "11"]
[White "Paragua, Megan Althea"]
[Black "Manukian, Artak"]
[Result "1-0"]
[Board "107"]
[TimeControl "180+1"]
[WhiteFideId "30973007"]
[BlackFideId "13301373"]
[WhiteElo "2366"]
[BlackElo "2577"]
[WhiteTeam "USA"]
[BlackTeam "ARM"]
[WhiteClock "0:00:06"]
[BlackClock "0:00:00"]

1. e4 c6 2. d4 d5 3. exd5 cxd5 4. c4 Nf6 5. Nc3 g6 6. cxd5 Bg7 7. Bc4 O-O 8. Nf3 Nbd7 9. O-O Nb6 10. Bb3 Nbxd5 11. Re1 e6 12. Bg5 Nxc3 13. bxc3 h6 14. Bxf6 Bxf6 15. Qd2 Kg7 16. Ne5 a5 17. Ng4 Rh8 18. a4 Ra6 19. Bc4 Rd6 20. Qf4 Be7 21. Ne5 Rf8 22. Ng4 Bg5 23. Qe5+ f6 24. Qb5 e5 25. h3 exd4 26. cxd4 Rxd4 27. Qc5 h5 28. Ne3 Qd6 29. Qxd6 Rxd6 30. Bb5 f5 31. Nc4 Rd4 32. Nxa5 f4 33. f3 Bf6 34. Rad1 g5 35. Rxd4 Bxd4+ 36. Kh2 h4 37. Nxb7 Bf2 38. Re7+ Kf6 39. Rc7 Bg3+ 40. Kg1 Ke5 41. Re7+ Kd4 42. Nd6 Bf5 43. Nxf5+ Rxf5 44. Re4+ Kc5 45. Rc4+ Kb6 46. Rc1 Re5 47. Kf1 Ka5 48. Rd1 Rc5 49. Be2 Rc2 50. Rd5+ Kb4 51. Rd4+ Ka5 52. Rd5+ Kxa4 53. Bd1 Kb3 54. Rc5 Kb2 55. Rxc2+ 1-0

[Event "January 2 Early 2024"]
[Site "https://www.chess.com"]
[Date "2024.01.02"]
[Round "11"]
[White "Povshednyi, Ivan"]
[Black "Lira, Suan Bruno Fernandes"]
[Result "1-0"]
[Board "108"]
[TimeControl "180+1"]
[WhiteFideId "14190907"]
[BlackFideId "22794620"]
[WhiteElo "2569"]
[BlackElo "2359"]
[WhiteTeam "UKR"]
[BlackTeam "BRA"]
[WhiteClock "0:00:54"]
[BlackClock "0:00:15"]

1. Nf3 d5 2. g3 Nf6 3. Bg2 c5 4. O-O Nc6 5. d4 e6 6. c4 dxc4 7. Ne5 Bd7 8. Nxc4 cxd4 9. Bf4 Nd5 10. Nd6+ Bxd6 11. Bxd6 Bc8 12. Ba3 f6 13. Qb3 Kf7 14. Nd2 b6 15. Ne4 g6 16. Nd6+ Kg7 17. Rac1 Na5 18. Qa4 Bd7 19. Qxd4 Nc6 20. Qd2 Nce7 21. e4 Nc7 22. Nb7 1-0

[Event "January 2 Early 2024"]
[Site "https://www.chess.com"]
[Date "2024.01.02"]
[Round "11"]
[White "Pesotskiy, Mikhail"]
[Black "Preobrazhenskaya, Diana"]
[Result "0-1"]
[Board "109"]
[TimeControl "180+1"]
[WhiteFideId "34164453"]
[BlackFideId "34270566"]
[WhiteElo "2491"]
[BlackElo "2355"]
[WhiteTeam "RUS"]
[BlackTeam "FID"]
[WhiteClock "0:02:15"]
[BlackClock "0:01:36"]

1. d4 Nf6 2. c4 e6 3. Nc3 Bb4 4. Qc2 O-O 5. a3 Bxc3+ 6. Qxc3 c5 7. dxc5 Qc7 8. b4 a5 9. Bb2 Nc6 10. Nf3 axb4 11. axb4 Rxa1+ 12. Bxa1 d6 13. b5 Ne7 14. cxd6 Qxd6 15. e3 b6 16. Be2 Bb7 17. O-O Nf5 18. Rd1 Qc7 19. Qe5 Qe7 20. Qd6 Nxd6 21. Rxd6 Qxd6 0-1

[Event "January 2 Early 2024"]
[Site "https://www.chess.com"]
[Date "2024.01.02"]
[Round "11"]
[White "Lopusiewicz, Piotr"]
[Black "Lima, Artur Tin Lun Dai"]
[Result "0-1"]
[Board "110"]
[TimeControl "180+1"]
[WhiteFideId "1116029"]
[BlackFideId "22773150"]
[WhiteElo "2472"]
[BlackElo "2352"]
[WhiteTeam "POL"]
[BlackTeam "BRA"]
[WhiteClock "0:00:06"]
[BlackClock "0:00:52"]

1. d4 d5 2. c4 e6 3. Nf3 Nf6 4. Nc3 c5 5. cxd5 exd5 6. Bg5 Be6 7. Bxf6 Qxf6 8. e4 cxd4 9. Nxd4 dxe4 10. Bb5+ Nd7 11. Nxe4 Bb4+ 12. Kf1 Qe5 13. Nxe6 Qxe6 14. Qd4 Be7 15. Rd1 O-O-O 16. Qxa7 Qxe4 17. Qa8+ Kc7 18. Qa5+ Kb8 19. Bxd7 Qc4+ 20. Kg1 Rxd7 21. Qe5+ Qc7 0-1

[Event "January 2 Early 2024"]
[Site "https://www.chess.com"]
[Date "2024.01.02"]
[Round "11"]
[White "Bueno, Alfeu Junior Varela"]
[Black "Tikhonov, Viacheslav"]
[Result "1-0"]
[Board "111"]
[TimeControl "180+1"]
[WhiteFideId "2108879"]
[BlackFideId "44196407"]
[WhiteElo "2351"]
[BlackElo "2463"]
[WhiteTeam "BRA"]
[BlackTeam "RUS"]
[WhiteClock "0:00:08"]
[BlackClock "0:00:00"]

1. e4 c5 2. Nc3 g6 3. f4 Bg7 4. Nf3 Nc6 5. Bb5 Nd4 6. O-O Nxb5 7. Nxb5 a6 8. Nc3 b5 9. d3 Bb7 10. Qe1 d6 11. f5 Nf6 12. Kh1 b4 13. Ne2 Ng4 14. Qh4 Ne5 15. Bg5 h6 16. Be3 g5 17. Qh5 Bf6 18. Nxe5 Bxe5 19. f6 Bxf6 20. Ng3 Qc7 21. Nf5 O-O-O 22. Qxf7 Kb8 23. Rab1 Rdf8 24. Qc4 Qd7 25. a3 a5 26. axb4 axb4 27. c3 e6 28. Ng3 h5 29. cxb4 d5 30. Qxc5 d4 31. Rxf6 Rxf6 32. Bxd4 Rc8 33. Be5+ 1-0

[Event "January 2 Early 2024"]
[Site "https://www.chess.com"]
[Date "2024.01.02"]
[Round "11"]
[White "Morales Garcia, Sergio Joshafatt"]
[Black "Gerbelli Neto, Eduardo"]
[Result "1-0"]
[Board "112"]
[TimeControl "180+1"]
[WhiteFideId "5106249"]
[BlackFideId "2103281"]
[WhiteElo "2428"]
[BlackElo "2342"]
[WhiteTeam "MEX"]
[BlackTeam "BRA"]
[WhiteClock "0:01:25"]
[BlackClock "0:00:00"]

1. d4 d5 2. c4 c6 3. Nf3 Nf6 4. Nc3 e6 5. Bg5 dxc4 6. e4 b5 7. e5 h6 8. Bh4 g5 9. Bg3 Nd5 10. Nd2 Nxc3 11. bxc3 Bb7 12. Ne4 Nd7 13. Be2 c5 14. Bf3 Bd5 15. O-O Be7 16. Nd6+ Bxd6 17. Bxd5 exd5 18. exd6 O-O 19. f4 cxd4 20. fxg5 Qxg5 21. Qxd4 Rae8 22. Rf4 h5 23. Raf1 Re2 24. Kh1 Nb6 25. Rf5 Qe3 26. Qf6 1-0

[Event "January 2 Early 2024"]
[Site "https://www.chess.com"]
[Date "2024.01.02"]
[Round "11"]
[White "Spichkin, Alexander"]
[Black "Kornyukov, Alexey"]
[Result "1-0"]
[Board "113"]
[TimeControl "180+1"]
[WhiteFideId "4144074"]
[BlackFideId "4150457"]
[WhiteElo "2427"]
[BlackElo "2313"]
[WhiteTeam "RUS"]
[BlackTeam "RUS"]
[WhiteClock "0:01:09"]
[BlackClock "0:00:00"]

1. f4 d5 2. Nf3 Nf6 3. e3 Bg4 4. h3 Bxf3 5. Qxf3 c6 6. b3 Nbd7 7. Bb2 e6 8. Bd3 Be7 9. O-O h6 10. g4 Qb6 11. Nc3 Nc5 12. g5 Nfd7 13. Na4 Nxa4 14. Bxg7 Rg8 15. gxh6 Nac5 16. Bh7 O-O-O 17. Qh5 Bf6 18. Bxg8 Bxa1 19. Qxf7 Bxg7 20. hxg7 Ne4 21. Qxe6 Nxd2 22. Rf2 Ne4 23. Re2 Nf6 24. Bf7 Qb5 25. Kf1 Ne4 26. Qg4 Nf6 27. Qg5 Kc7 28. Qh4 Ne4 29. Qh5 Nc3 30. g8=Q Rxg8 31. Bxg8 Nxe2 32. Qxe2 Qa5 33. h4 Qxa2 34. h5 Qa1+ 35. Kf2 Qg7 36. Be6 Qf6 37. Qg4 Nc5 38. Bg8 Ne4+ 39. Kf3 Qc3 40. h6 Qe1 41. Qg7+ Kb6 42. Qg2 Qd1+ 43. Qe2 Qh1+ 44. Qg2 Qd1+ 45. Qe2 Qh1+ 46. Kg4 Qg1+ 47. Kf5 Qxg8 48. Qh5 Qh7+ 49. Qg6 Qd7+ 50. Qe6 Qh7+ 51. Ke5 Qh8+ 52. Kf5 Qh7+ 53. Kg4 Qh8 54. Kh5 Nf6+ 55. Kg6 Ne4 56. h7 a5 57. Qf7 1-0

[Event "January 2 Early 2024"]
[Site "https://www.chess.com"]
[Date "2024.01.02"]
[Round "11"]
[White "Poddubnyi, Viktor"]
[Black "Ambrogi, Agustin"]
[Result "1-0"]
[Board "114"]
[TimeControl "180+1"]
[WhiteFideId "4141989"]
[BlackFideId "170933"]
[WhiteElo "2331"]
[BlackElo "2426"]
[WhiteTeam "RUS"]
[BlackTeam "ARG"]
[WhiteClock "0:00:12"]
[BlackClock "0:00:59"]

1. e4 d5 2. exd5 Qxd5 3. Nc3 Qd8 4. d4 Nf6 5. Nf3 g6 6. h3 Bg7 7. Bc4 O-O 8. O-O Nc6 9. Bg5 b6 10. Qd2 Bb7 11. Rad1 a6 12. a4 Qd6 13. Qe2 Rfd8 14. Rfe1 Na5 15. Ba2 e6 16. Ne5 Qb4 17. Nxf7 Re8 18. Bxe6 Bc8 19. d5 Bxe6 20. dxe6 Qxb2 21. Bxf6 Bxf6 22. Nd5 Bg7 23. Nxc7 Nc6 24. Nxa8 Rxa8 25. e7 Nxe7 26. Qxe7 Qxc2 27. Qe6 h5 28. Ng5+ Kh8 29. Qe4 Qc5 30. Qxa8+ 1-0

[Event "January 2 Early 2024"]
[Site "https://www.chess.com"]
[Date "2024.01.02"]
[Round "11"]
[White "Jovic, Stanoje"]
[Black "Zampronha, Wladimir Camilo"]
[Result "1-0"]
[Board "115"]
[TimeControl "180+1"]
[WhiteFideId "905020"]
[BlackFideId "2103087"]
[WhiteElo "2422"]
[BlackElo "2311"]
[WhiteTeam "SRB"]
[BlackTeam "BRA"]
[WhiteClock "0:00:26"]
[BlackClock "0:00:00"]

1. c4 Nf6 2. g3 e6 3. Bg2 d5 4. d4 Be7 5. Nf3 O-O 6. O-O c6 7. b3 Nbd7 8. Nc3 b6 9. Bb2 Bb7 10. Rc1 Re8 11. a3 Bf8 12. Re1 dxc4 13. bxc4 c5 14. d5 Ba6 15. Qa4 Bb7 16. e4 e5 17. Bh3 Bd6 18. Nb5 Qb8 19. Nh4 a6 20. Nc3 Qc7 21. Nf5 g6 22. Ne3 Nf8 23. Qc2 Bc8 24. Bg2 Bd7 25. Rf1 Nh5 26. Qe2 Rab8 27. Nf5 Nf6 28. Ne3 Nh5 29. Rce1 b5 30. cxb5 axb5 31. Nb1 c4 32. Nc3 Ra8 33. Ra1 Ra7 34. Nc2 Rea8 35. Nb4 Bxb4 36. axb4 Rxa1 37. Rxa1 Rxa1+ 38. Bxa1 Qa7 39. Qa2 Qxa2 40. Nxa2 Nf6 41. Bxe5 Ne8 42. Nc3 f6 43. Bb8 Kf7 44. f4 Ke7 45. e5 Ng7 46. Be4 Nf5 47. d6+ Ke8 48. Kf2 Ne6 49. exf6 Kf7 50. Nd5 Bc6 51. g4 Nfd4 52. Ke3 Nc2+ 53. Bxc2 Bxd5 54. g5 Nd8 55. Ba7 Ke6 56. Bc5 Nf7 57. h4 Nxd6 58. Bxd6 Kxd6 59. h5 Bf7 60. h6 1-0

[Event "January 2 Early 2024"]
[Site "https://www.chess.com"]
[Date "2024.01.02"]
[Round "11"]
[White "Mazurkiewicz, Michal"]
[Black "Blokhin, Sofia"]
[Result "1-0"]
[Board "116"]
[TimeControl "180+1"]
[WhiteFideId "1124943"]
[BlackFideId "4508190"]
[WhiteElo "2409"]
[BlackElo "2302"]
[WhiteTeam "POL"]
[BlackTeam "EST"]
[WhiteClock "0:00:07"]
[BlackClock "0:00:00"]

1. e4 c5 2. Nf3 d6 3. g3 Nc6 4. Bg2 e6 5. d3 Nf6 6. O-O Be7 7. Re1 O-O 8. c3 d5 9. e5 Nd7 10. Bf4 h6 11. h4 b5 12. Nbd2 Bb7 13. Nf1 Re8 14. Qd2 Nf8 15. h5 Nd7 16. N1h2 f5 17. exf6 Bxf6 18. Ng4 Qe7 19. Re2 e5 20. Rae1 Qd6 21. d4 cxd4 22. cxd4 exf4 23. Rxe8+ Rxe8 24. Rxe8+ Kf7 25. Qe2 Bxd4 26. Bh3 Ne7 27. Rxe7+ Qxe7 28. Qxe7+ Kxe7 29. Nxd4 fxg3 30. fxg3 a6 31. Nf5+ Kf8 32. Kf2 Nc5 33. Ne5 Bc8 34. Ng6+ Ke8 35. Nd6+ Kd8 36. Nxc8 Ne4+ 37. Kg2 d4 38. Kf3 Ng5+ 39. Kg2 Nxh3 40. Nd6 d3 41. Ne4 Ng5 42. Nd2 Ne6 43. Kf3 1-0

[Event "January 2 Early 2024"]
[Site "https://www.chess.com"]
[Date "2024.01.02"]
[Round "11"]
[White "Szente Varga, Fruzsina"]
[Black "Omariev, Maksim"]
[Result "1-0"]
[Board "117"]
[TimeControl "180+1"]
[WhiteFideId "712264"]
[BlackFideId "4193423"]
[WhiteElo "2298"]
[BlackElo "2404"]
[WhiteTeam "HUN"]
[BlackTeam "RUS"]
[WhiteClock "0:01:17"]
[BlackClock "0:00:00"]

1. e4 h5 2. d4 h4 3. Nc3 d6 4. Be3 h3 5. Nxh3 Bxh3 6. gxh3 e5 7. dxe5 dxe5 8. Qxd8+ Kxd8 9. O-O-O+ Nd7 10. Bc4 f6 11. Be6 Bd6 12. Nb5 Ke7 13. Bxd7 Kxd7 14. Nxd6 cxd6 15. Bc5 Kc6 16. Bxd6 Nh6 17. Bb4 Nf7 18. Rd3 Ng5 19. Rg1 a5 20. Bd2 Nxh3 21. Rxg7 Nxf2 22. Rc3+ Kd6 23. Rxb7 Nxe4 24. Rb6+ Kd7 25. Rd3+ Kc7 26. Be3 Rxh2 27. b3 a4 28. Kb2 a3+ 29. Kc1 Rg8 30. Rb4 Rh1+ 31. Rd1 Rxd1+ 32. Kxd1 Nc3+ 33. Kd2 Nxa2 34. Ra4 Rg2+ 35. Kd3 e4+ 36. Rxe4 1-0